 Dungeon Crawl Stone Soup version 0.23.2-1-ga50397a (webtiles) character file.

Game seed: 4776801087477609504

470 teukkam the Covered (level 6, -1/56 HPs)
             Began as a Minotaur Fighter on May 29, 2019.
             Was an Initiate of Gozag.
             Succumbed to Duvessa's poison
             ... on level 5 of the Dungeon.
             The game lasted 00:14:37 (4485 turns).

teukkam the Covered (Minotaur Fighter)              Turns: 4485, Time: 00:14:38

Health: -1/56      AC:  8    Str: 22    XL:     6   Next: 82%
Magic:  0/5        EV:  7    Int:  5    God:    Gozag
Gold:   507        SH: 10    Dex: 10    Spells: 5/5 levels left

rFire    + . .     SeeInvis +   a - +1 dagger (chaos)
rCold    x . .     Gourm    .   c - +0 shield
rNeg     . . .     Faith    .   q - +0 scale mail
rPois    .         Spirit   +   (helmet restricted)
rElec    .         Reflect  .   (no cloak)
rCorr    .         Harm     .   (no gloves)
MR       .....                  p - +0 pair of boots
Stlth    ..........             k - amulet of guardian spirit
HPRegen  0.18/turn              y - ring of fire
MPRegen  0.09/turn              t - ring of see invisible

@: lethally poisoned (-1 -> -19), invisible
A: retaliatory headbutt, horns 2
a: Potion Petition, Call Merchant, Bribe Branch, Renounce Religion


You were on level 5 of the Dungeon.
You worshipped Gozag.
Gozag was pleased with you.
You were not hungry.

You visited 2 branches of the dungeon, and saw 6 of its levels.

You collected 542 gold pieces.
You paid 35 gold pieces to Gozag.

Inventory:

Hand Weapons
 a - a +1 dagger of chaos (weapon)
 b - a +1 hunting sling
 i - a +2 vampiric dagger
 A - a +1 spear of chaos
 B - a +0 war axe
 C - a +0 spear of chaos
 E - a +1 dagger of electrocution
Missiles
 j - 7 poisoned needles
 o - 4 needles of sleeping
 r - 109 stones (quivered)
 w - 25 sling bullets
Armour
 c - a +0 shield (worn)
 p - a +0 pair of boots (worn)
 q - a +0 scale mail (worn)
Jewellery
 k - an amulet of guardian spirit (around neck)
 t - a ring of see invisible (right hand)
 y - a ring of fire (left hand)
Wands
 x - a wand of polymorph (1)
Scrolls
 e - 3 scrolls of identify
 h - a scroll of magic mapping
 m - 2 scrolls of enchant weapon
 u - 3 scrolls of teleportation
 D - a scroll of fog {unknown}
 F - a scroll of amnesia
Potions
 d - a potion of might
 g - 4 potions of lignification
 l - 3 potions of curing
 s - 3 potions of cancellation
 v - a potion of mutation {unknown}
Comestibles
 f - 5 rations


   Skills:
 + Level 5.3 Fighting
 + Level 4.6 Axes
 + Level 2.8 Slings
 + Level 5.3 Armour
 + Level 5.3 Shields


You had 5 spell levels left.
You didn't know any spells.
Your spell library contained the following spells:

 Spells                   Type           Power        Failure   Level  Hunger
 Animate Skeleton         Necr           N/A          99%         1    ##.....
 Apportation              Tloc           #.....       99%         1    ##.....
 Confusing Touch          Hex            #.....       99%         1    ##.....
 Shock                    Conj/Air       #...         99%         1    ##.....
 Summon Small Mammal      Summ           #...         99%         1    ##.....
 Swiftness                Chrm/Air       #.......     100%        2    ###....
 Static Discharge         Conj/Air       #.......     100%        3    ####...
 Airstrike                Air            #.........   100%        4    #####..
 Lightning Bolt           Conj/Air       #.........   100%        5    ######.


Dungeon Overview and Level Annotations

Branches:
Dungeon (5/15)             Temple (1/1) D:4

Altars:
Ashenzari
Cheibriados
Dithmenos
Elyvilon
Fedhas
Gozag
Hepliaklqana
Kikubaaqudgha
Makhleb
Nemelex Xobeh
Okawaru
Qazlal
Ru
Sif Muna
Trog
Uskayaw
Wu Jian
Xom
Yredelemnul
Zin
The Shining One

Annotations:
D:5 Duvessa


Innate Abilities, Weirdness & Mutations

You reflexively headbutt those who attack you in melee.
You have a pair of horns on your head.


Message History

Duvessa is lightly wounded.
You feel sick. Duvessa closely misses you. Duvessa barely misses you.
You puncture Duvessa! Your headbutt misses Duvessa.
Duvessa is moderately wounded.
Duvessa bites you.
* * * LOW HITPOINT WARNING * * *
Duvessa bites you.
* * * LOW HITPOINT WARNING * * *
Duvessa barely misses you.
It was a potion of cancellation.
Your magical effects are unravelling.
You feel magically purged.
You feel a little less mighty now.
You feel sick. You block Duvessa's attack. Duvessa bites you!
* * * LOW HITPOINT WARNING * * *
You are more poisoned.
Duvessa poisons you!
You fade into invisibility!
You die...
Your body crumbles into a pile of gold.

#######.#..#####...(.........####
.....#......# #.#.............#
####...#.##.# #.#..........##.#
####........## #.#..........##.#
..........#..# #...........###.#
###..###[.#..###...........###.##
##.##..............#####.......
**#....####....S..#....########.
*......#*##....@..####.......##.
#.####..*#.....)...# #######....
#,* ##.##...).....# ##...
**,***##............# #.<.
......#...#.........# ##...
......#.#...........# #####....
........##.........######........
......#####......................
....................#####.####...


You could see Duvessa the water moccasin (berserk).

Vanquished Creatures
  An ogre (D:4)
  A scorpion (D:3)
  Dowan (D:5)
  A hound (D:4)
  An orc wizard (D:2)
  Jessica (D:2)
  3 worker ants
  3 adders (D:3)
  An ooze (D:1)
  An adder skeleton (D:4)
  A dart slug (D:3)
  2 leopard geckos
  14 orcs
  2 ball pythons (D:2)
  14 bats
  2 giant cockroaches
  8 hobgoblins
  6 jackals
  3 frilled lizards (D:1)
  8 goblins
  2 kobolds (D:3)
  11 rats
87 creatures vanquished.

Notes
Turn   | Place    | Note
-------+----------+-------------------------------------------
     0 | D:1      | teukkam the Minotaur Fighter began the quest for the Orb.
     0 | D:1      | Reached XP level 1. HP: 19/19 MP: 0/0
   186 | D:1      | Reached XP level 2. HP: 27/27 MP: 1/1
   520 | D:2      | Reached XP level 3. HP: 32/33 MP: 2/2
   717 | D:4      | Found a staircase to the Ecumenical Temple.
   723 | Temple   | Entered the Ecumenical Temple
   824 | Temple   | Became a worshipper of Gozag Ym Sagoz the Greedy
  1348 | D:4      | Noticed an ogre
  1359 | D:4      | Killed an ogre
  1359 | D:4      | Reached skill level 1 in Slings
  1359 | D:4      | Reached XP level 4. HP: 41/41 MP: 3/3
  1359 | D:4      | Reached XP level 5. HP: 47/47 MP: 4/4
  1407 | D:5      | Entered Level 5 of the Dungeon
  1460 | D:5      | Noticed Duvessa
  1460 | D:5      | Noticed Dowan
  1959 | D:2      | Reached skill level 5 in Shields
  1959 | D:2      | Reached XP level 6. HP: 46/55 MP: 5/5
  2025 | D:2      | Found a stormy altar of Qazlal.
  2179 | D:1      | You fall through a shaft!
  2193 | D:2      | Found a faded altar of an unknown god.
  2405 | D:2      | Noticed Jessica
  2410 | D:2      | Killed Jessica
  2410 | D:2      | Reached skill level 5 in Armour
  2736 | D:3      | Reached skill level 5 in Fighting
  3468 | D:3      | Found a shimmering altar of Xom.
  4454 | D:5      | Noticed Duvessa
  4454 | D:5      | Duvessa changed into Duvessa the water moccasin
  4471 | D:5      | Killed Dowan
  4484 | D:5      | HP: 1/56 [Duvessa the water moccasin (10)]
  4485 | D:5      | Succumbed to Duvessa's poison

Skill      XL: |  1  2  3  4  5  6 |
---------------+-------------------+-----
Shields        | 4 5 |  5.3
Armour         | 4 5 |  5.3
Fighting       | 4 5 |  5.3
Axes           | 3 4 |  4.6
Slings         | 1 2 |  2.8

Action                   |  1- 3 |  4- 6 || total
-------------------------+-------+-------++-------
Melee: War axe           |    82 |    77 ||   159
       Headbutt          |     8 |    16 ||    24
       Hunting sling     |       |     1 ||     1
       Dagger            |       |    44 ||    44
 Fire: Hunting sling     |     6 |    36 ||    42
Evoke: Wand              |       |     1 ||     1
  Use: Potion            |     1 |     4 ||     5
       Scroll            |       |    10 ||    10
 Stab: Invisible         |       |     2 ||     2
  Eat: Ration            |       |     4 ||     4
Armor: Scale mail        |    26 |     6 ||    32
       Ring mail         |     4 |    52 ||    56
Dodge: Dodged            |    17 |    43 ||    60
Block: Shield            |    53 |    79 ||   132
